 Dungeon Sprint DCSS version 0.30-a0-860-g512cf1e979 (webtiles) character file.

Game seed: 11144229778307515901

2065 octoduck the Severer (level 9, -6/91 HPs)
             Began as a Hill Orc Fighter on Mar 8, 2023.
             Was a Believer of Ru.
             Killed from afar by an oklob plant (22 damage)
             ... with a splash of acid
             ... in the Dungeon (Sprint IV: "Fedhas' Mad Dash").
             The game lasted 00:10:28 (2934 turns).

octoduck the Severer (Hill Orc Fighter)             Turns: 2934, Time: 00:10:28

Health: -6/91      AC: -2    Str: 23    XL:     9   Next: 26%
Magic:  9/9        EV:  9    Int:  8    God:    Ru [**....]
Gold:   97         SH:  4    Dex: 10    Spells: 8/8 levels left

rFire   + . .      SeeInvis .    a - +0 war axe
rCold   x . .      Faith    .    c - +0 buckler
rNeg    . . .      Spirit   .    b - +0 scale mail
rPois   .          Reflect  .    (no helmet)
rElec   .          Rampage  .    (no cloak)
rCorr   .          NoTele   +    (no gloves)
Will    .....                    (no boots) Stlth
                                 k - amulet of invisibility {+Inv}
HPRegen 0.35/turn                i - ring of fire
MPRegen 0.11/turn                (no ring)

@: corroded
A: inability to use devices
a: Renounce Religion


You were in the Dungeon.
You worshipped Ru.
Ru was pleased with you.
You visited 1 branch You collected 193 gold pieces.
You spent 96 gold pieces at shops.

Inventory:

Hand Weapons
 a - a +0 war axe (weapon)
Armour
 b - a +0 scale mail (worn)
 c - a +0 buckler (worn)
Jewellery
 i - a ring of fire (left hand)
 k - the amulet of invisibility (around neck) {+Inv}
   (You found it in the Dungeon)

   [amulet of nothing]

   +Inv:      It lets you turn invisible.
Scrolls
 d - a scroll of immolation {unknown}
Potions
 h - 2 potions of magic


   Skills:
 + Level 12.3 Fighting
 - Level 16.1 Axes
 + Level 14.3 Armour
 - Level 3.2 Shields


You had 8 spell levels left.
You didn't know any spells.
Your spell library was empty.

Dungeon Overview and Level Annotations

Branches:
Dungeon (1/1)

Altars:
Cheibriados
Dithmenos
Elyvilon
Gozag
Hepliaklqana
Kikubaaqudgha
Makhleb
Nemelex Xobeh
Okawaru
Qazlal
Ru
Sif Muna
Trog
Uskayaw
Vehumet
Wu Jian
Xom
Yredelemnul
Zin
The Shining One
Beogh
Jiyva
Lugonu

Shops:
D ([*:

Annotations:
D exclusion: oklob plant


Innate Abilities, Weirdness & Mutations

You cannot study or use magical devices.


Message History

The oklob plant spits acid at you. The splash of acid hits you!!
The acid corrodes you! The oklob plant spits acid at you.
The splash of acid hits you!! The acid corrodes you!
You hit the oklob plant.
The oklob plant is lightly damaged.
You slash the oklob plant!
The oklob plant is moderately damaged.
You redirect the oklob plant's attack!
The oklob plant spits acid at itself.
The splash of acid hits the oklob plant.
The oklob plant completely resists.
You hit the oklob plant but do no damage.
The oklob plant is moderately damaged.
You hit the oklob plant but do no damage.
The oklob plant is moderately damaged.
You redirect the oklob plant's attack!
The oklob plant spits acid at itself.
The splash of acid hits the oklob plant.
The oklob plant completely resists.
You hit the oklob plant but do no damage.
The oklob plant is moderately damaged.
You hit the oklob plant but do no damage.
The oklob plant is moderately damaged.
You hit the oklob plant.
The oklob plant is moderately damaged.
The oklob plant spits acid at you. The splash of acid hits you!!
The acid corrodes you!
You slash the oklob plant!
The oklob plant is moderately damaged.
The oklob plant spits acid at you. The splash of acid hits you!
* * * LOW HITPOINT WARNING * * *
You slash the oklob plant!
The oklob plant is heavily damaged.
You hit the oklob plant.
The oklob plant is heavily damaged.
The oklob plant spits acid at you. The splash of acid hits you!!
You die...

#PP..'.[...'.#...'.._._._._._
#PP..#.....#.#...#..._._._._.
###############'##.._._._._._
#...♣........'...#._._._._._.
#......♣.....#...############
#.....♣..♣..######
##+####'######.:+
#..#....'.......#
#..#.)###...@P..# #######
#########


You could see an oklob plant.

Vanquished Creatures
  An oklob plant (D)
  3 burning bushes (D)
  A queen bee (D)
  3 wandering mushrooms (D)
  3 scorpions (D)
  4 killer bees (D)
  4 oklob saplings (D)
  2 spriggans (D)
  A river rat (D)
  A rat (D)
23 creatures vanquished.

Vanquished Creatures (others)
  An oklob sapling (D)
  3 fungi (D)
4 creatures vanquished.

Grand Total: 27 creatures vanquished

Notes
Turn   | Place    | Note
-------+----------+-------------------------------------------
     0 | D        | octoduck the Hill Orc Fighter began the quest for the Orb.
     0 | D        | Reached XP level 1. HP: 19/19 MP: 1/1
    10 | D        | Reached skill level 6 in Axes
    10 | D        | Reached XP level 2. HP: 25/26 MP: 2/2
    22 | D        | Noticed an oklob sapling
    22 | D        | Noticed a scorpion
    24 | D        | Killed an oklob sapling
    25 | D        | Reached skill level 8 in Axes
    25 | D        | Reached XP level 3. HP: 31/31 MP: 3/3
    25 | D        | Killed a scorpion
    26 | D        | Reached skill level 11 in Axes
    26 | D        | Reached XP level 4. HP: 39/39 MP: 4/4
    76 | D        | Found the amulet of invisibility {+Inv}
   136 | D        | Reached skill level 12 in Axes
   136 | D        | Reached XP level 5. HP: 45/45 MP: 5/5
   147 | D        | Found an opulent altar of Gozag.
   147 | D        | Found a hazy altar of Hepliaklqana.
   147 | D        | Found a roughly hewn altar of Beogh.
   147 | D        | Found a snail-covered altar of Cheibriados.
   148 | D        | Found a viscous altar of Jiyva.
   148 | D        | Found a burning altar of Makhleb.
   148 | D        | Found a sparkling altar of Nemelex Xobeh.
   148 | D        | Found a sacrificial altar of Ru.
   148 | D        | Found a shimmering blue altar of Sif Muna.
   148 | D        | Found a bloodstained altar of Trog.
   148 | D        | Found an ornate altar of the Wu Jian Council.
   148 | D        | Found a shimmering altar of Xom.
   148 | D        | Found a basalt altar of Yredelemnul.
   149 | D        | Found an iron altar of Okawaru.
   149 | D        | Found a shadowy altar of Dithmenos.
   149 | D        | Found a glowing silver altar of Zin.
   150 | D        | Found an ancient bone altar of Kikubaaqudgha.
   150 | D        | Found a hide-covered altar of Uskayaw.
   151 | D        | Found a stormy altar of Qazlal.
   151 | D        | Found a white marble altar of Elyvilon.
   151 | D        | Found a glowing golden altar of the Shining One.
   152 | D        | Found a corrupted altar of Lugonu.
   152 | D        | Found a radiant altar of Vehumet.
   160 | D        | Reached skill level 13 in Axes
   160 | D        | Reached skill level 5 in Armour
   169 | D        | Became a worshipper of Ru the Awakened
   229 | D        | Reached skill level 14 in Axes
   229 | D        | Reached XP level 6. HP: 39/51 MP: 6/6
   513 | D        | Found Laelo's Antique Armour Shop.
   514 | D        | Found Eggeaz's Antique Weapon Emporium.
   521 | D        | Noticed a burning bush
   521 | D        | Noticed a wandering mushroom
   548 | D        | Killed a wandering mushroom
   549 | D        | Reached skill level 15 in Axes
   675 | D        | Noticed a wandering mushroom
   688 | D        | Reached XP level 7. HP: 46/57 MP: 7/7
   764 | D        | Reached skill level 16 in Axes
   999 | D        | Killed a burning bush
  1049 | D        | Found Towkod Vuwowk's Book Emporium.
  1049 | D        | Found Takora's Assorted Antiques.
  1055 | D        | Bought a scroll labelled BESUKA NITIR for 24 gold pieces
  1056 | D        | Bought a scroll labelled ZESEYR RERUOPPO for 24 gold pieces
  1056 | D        | Bought a scroll of identify for 48 gold pieces
  1110 | D        | Noticed a queen bee
  1131 | D        | Reached XP level 8. HP: 13/74 MP: 8/8
  1357 | D        | Gained mutation: You cannot study or use magical devices.
                  | [Ru sacrifice]
  1357 | D        | Reached * piety under Ru
  1357 | D        | Reached ** piety under Ru
  1377 | D        | Killed a queen bee
  1501 | D        | Noticed a burning bush
  1515 | D        | Killed a burning bush
  1516 | D        | Reached skill level 10 in Fighting
  1629 | D        | Noticed a burning bush
  1629 | D        | Noticed an oklob plant
  1631 | D        | Noticed a wandering mushroom
  1658 | D        | Noticed an oklob plant
  1668 | D        | Killed an oklob plant
  1669 | D        | Reached XP level 9. HP: 48/89 MP: 9/9
  2526 | D        | HP: 4/90 [burning bush/puff of flame (6)]
  2784 | D        | Killed a burning bush
  2934 | D        | Killed from afar by an oklob plant

Illustrated notes

Levels and vault maps discovered:
D:        dungeon_sprint_fedhas [sprint_temple]

Skill      XL: |  1  2  3  4  5  6  7  8  9 |
---------------+----------------------------+-----
Axes           | 6 8 11 12 14 15 16 | 16.1
Armour         | 7 9 11 13 14 | 14.3
Fighting       | 7 11 12 | 12.3
Shields        | |  3.2

Action                     |  1- 3 |  4- 6 |  7- 9 || total
---------------------------+-------+-------+-------++-------
  Melee: War axe           |     9 |    34 |    93 ||   136
 Invoke: Sacrifice Artific |       |       |     1 ||     1
Ability: Evoke Invisibilit |       |     3 |     1 ||     4
    Use: Potion            |     1 |     3 |     1 ||     5
         Scroll            |       |       |     4 ||     4
   Stab: Invisible         |       |     1 |     2 ||     3
 Armour: Scale mail        |     1 |     6 |    10 ||    17
  Dodge: Dodged            |     1 |     9 |    26 ||    36
  Block: Buckler           |     4 |     4 |    12 ||    20

Table legend: (Time is in decaauts)
 A = Elapsed time spent in this place.
 B = Non-inter-level travel time spent in this place.
 C = Inter-level travel time spent in this place.
 D = Time resting spent in this place.
 E = Time spent auto-exploring this place.
 F = Levels seen in this place.
 G = Mean time per level.
                   A        B        C        D        E       F      G
               +--------+--------+--------+--------+--------+-----+--------+
         Total |   2898 |   2867 |     31 |   2377 |      2 |   1 | 2898.0 |
       Dungeon |   2898 |   2867 |     31 |   2377 |      2 |   1 | 2898.0 |
               +--------+--------+--------+--------+--------+-----+--------+

Top non-repeatable levels by time:
       D: 2898 daAuts
